AoeStats
← adrazduarte

Arabia

506992552Analyzed
1v1 RM · 16d ago on Sep 16, 2026· 43m 45s· 2 players
Game mode
Random Map
Map size
Tiny (2 player)
Population
200
Speed
Normal
Resources
Standard
Victory
Conquest
Starting age
Dark Age
Ending age
Imperial Age
RankedLock teamsTeams togetherTeam positionsShared explorationLock speedFull tech treeHidden civsTurbo modeCheats
Victory
Defeat
🇲🇽 Ethiopians · Mexico
1196
+16
🇦🇺 Hindustanis · Australia
1201
-16
adrazduarte
6:24 Loom
9:06 Feudal Age
13:23 Fletching
22:14 Castle Age
22:41 Double-Bit Axe
22:38 Horse Collar
22:28 Crossbowman
23:05 Bodkin Arrow
22:58 Double-Bit Axe
22:55 Horse Collar
25:13 Wheelbarrow
24:57 Bow Saw
33:18 Ballistics
35:44 Imperial Age
34:38 Wheelbarrow
33:49 Town Watch
36:33 Bracer
37:54 Chemistry
38:03 Padded Archer Armor
38:31 Thumb Ring
38:17 Arbalester
41:36 Cavalier
42:35 Scale Barding Armor
Kazuma
7:54 Loom
10:54 Feudal Age
13:33 Wheelbarrow
16:13 Forging
16:08 Scale Barding Armor
18:20 Fletching
19:07 Double-Bit Axe
24:44 Castle Age
28:27 Bodkin Arrow
32:13 Scale Mail Armor
34:15 Iron Casting
34:52 Chain Mail Armor
35:54 Horse Collar
37:24 Squires
Connection lost

Rejoining the realm…

Still unreachable

The connection could not be restored.

Session expired

The server has moved on; the page needs a fresh start.